Map: [ESL] Royal Blood

Players

Solar

  • Race: Zerg Zerg
  • Spawn Location: 7:00

Dark - Winner!

  • Race: Zerg Zerg
  • Spawn Location: 1:00

Event: ESL SC2 Masters 2023 Summer (Finals)

VOD

Have the link to the VOD?

Description

Time

  • Played on: June 18, 2023, 5:37 a.m.
  • Length: 24:38

All games in this series

Show
View Real Time Build Order
Export as new Build Order

Solar Zerg 

Build Orders: Hatch First, Lurkers 

Get SALT Encoding   

  12  0:00  Drone  
  13  0:12  Overlord  
  13  0:17  Drone  
  14  0:31  Drone x2  
  16  0:46  Hatchery  
  15  0:51  Drone  
  15  0:54  Drone  
  17  0:57  Drone  
  18  1:07  Extractor  
  17  1:14  Spawning Pool  
  17  1:15  Drone  
  17  1:18  Drone  
  18  1:28  Drone  
  19  1:39  Drone  
  20  1:49  Drone  
  21  2:01  Queen x2, Zergling x2  
  24  2:04  Overlord  
  24  2:08  Metabolic Boost  
  26  2:10  Drone  
  26  2:11  Drone  
  28  2:24  Drone, Zergling x2  
  30  2:32  Hatchery  
  29  2:37  Drone  
  29  2:41  Queen  
  32  2:48  Overlord  
  32  2:50  Drone  
  33  2:56  Zergling x6  
  35  3:08  Drone, Zergling x2  
  35  3:10  Zergling x8  
  41  3:13  Zergling x4  
  43  3:21  Baneling Nest  
  43  3:24  Drone x2  
  44  3:27  Overlord  
  44  3:45  Drone x6  
  50  3:51  Drone x3  
  50  3:53  Zergling x4  
  55  3:58  Drone x2  
  56  4:03  Evolution Chamber  
  56  4:06  Baneling x2  
  56  4:08  Overlord  
  56  4:09  Drone  
  56  4:10  Baneling x2  
  56  4:11  Drone  
  57  4:18  Drone  
  57  4:19  Drone  
  57  4:24  Overlord  
  57  4:27  Drone x4  
  61  4:35  Zerg Missile Weapons Level 1  
  61  4:36  Drone x2  
  61  4:38  Extractor x2  
  62  4:39  Drone  
  62  4:40  Drone  
  62  4:41  Roach Warren  
  62  4:43  Drone x3  
  65  4:47  Drone x3  
  65  4:49  Drone  
  69  4:54  Zergling x2  
  69  4:58  Zergling x8  
  69  4:59  Baneling x2  
  73  5:00  Baneling  
  73  5:01  Overlord  
  73  5:03  Overlord  
  73  5:07  Overlord  
  72  5:11  Overlord  
  72  5:12  Overlord  
  72  5:14  Overlord  
  72  5:17  Overlord  
  71  5:21  Drone  
  71  5:22  Roach x3  
  69  5:29  Drone x5  
  73  5:38  Drone x2  
  73  5:39  Lair  
  73  5:40  Drone  
  71  5:46  Roach  
  71  5:47  Extractor x2, Baneling  
  71  5:49  Roach  
  73  5:52  Drone  
  73  5:56  Drone  
  74  5:59  Drone  
  74  6:02  Extractor, Drone  
  75  6:08  Drone  
  75  6:10  Drone x2  
  78  6:11  Drone x2  
  78  6:18  Drone x3  
  82  6:23  Drone  
  82  6:24  Roach  
  85  6:27  Roach x2  
  85  6:28  Roach  
  85  6:29  Drone  
  92  6:36  Roach x2  
  92  6:38  Glial Reconstitution  
  96  6:40  Spire, Overseer  
  96  6:42  Hatchery  
  96  6:43  Zerg Missile Weapons Level 2  
  94  6:47  Drone x2  
  94  6:50  Roach x4  
  94  6:52  Drone x2  
  105  6:56  Overlord  
  105  6:58  Roach  
  105  6:59  Roach x3  
  113  7:06  Overlord  
  113  7:08  Overlord  
  113  7:09  Overlord  
  113  7:13  Overlord  
  113  7:14  Overlord  
  113  7:16  Drone x2  
  115  7:23  Overlord x2  
  115  7:29  Roach x3  
  121  7:31  Overlord  
  121  7:33  Extractor, Overlord  
  120  7:42  Drone  
  120  7:44  Overseer  
  120  7:54  Mutalisk x7  
  120  7:55  Queen  
  120  7:56  Drone  
  120  7:57  Roach x7  
  151  8:01  Overlord  
  151  8:05  Roach x2  
  155  8:08  Roach  
  157  8:14  Roach x3  
  157  8:15  Roach  
  157  8:17  Roach  
  157  8:18  Roach x3  
  173  8:22  Roach x3  
  179  8:27  Ravager x2  
  179  8:32  Ravager  
  182  8:35  Roach x5  
  192  8:42  Overlord  
  192  8:43  Overlord  
  192  8:44  Overlord  
  192  8:48  Overlord  
  192  8:55  Overlord  
  192  9:05  Roach x5  
  192  9:09  Roach  
  199  9:13  Ravager  
  200  9:19  Roach  
  200  9:20  Roach  
  200  9:25  Zerg Ground Armor Level 1  
  200  9:27  Roach  
  200  9:30  Roach  
  200  9:34  Roach x5  
  200  9:36  Roach x6  
  200  9:37  Roach x2  
  180  9:46  Roach x10  
  196  9:56  Roach x2, Infestation Pit  
  196  9:58  Ravager  
  200  10:01  Burrow, Tunneling Claws  
  198  10:09  Roach x2  
  198  10:10  Roach x2  
  181  10:15  Roach  
  181  10:16  Roach x5  
  181  10:19  Roach  
  179  10:25  Drone  
  179  10:26  Roach x6  
  192  10:28  Ravager  
  192  10:29  Ravager  
  192  10:31  Drone  
  192  10:32  Roach x2  
  199  10:36  Ravager  
  199  10:40  Extractor  
  199  10:41  Hatchery  
  198  10:59  Roach x4  
  198  11:00  Roach x3  
  199  11:05  Ravager x2  
  199  11:09  Hive, Hydralisk Den  
  196  11:21  Roach x5  
  200  11:30  Roach  
  200  11:34  Roach x32  
  200  11:39  Roach  
  200  11:43  Lurker Den  
  200  11:44  Extractor  
  200  11:45  Roach x32  
  200  11:46  Extractor  
  197  11:58  Zerg Ground Armor Level 2  
  197  12:06  Roach x4  
  198  12:14  Spine Crawler x2  
  198  12:15  Overseer  
  190  12:16  Overseer  
  190  12:17  Overseer  
  190  12:18  Pneumatized Carapace  
  190  12:21  Roach x10  
  200  12:24  Spine Crawler  
  200  12:27  Hydralisk x2, Roach x18  
  200  12:28  Roach x13  
  200  12:29  Hydralisk x4  
  193  12:32  Grooved Spines  
  193  12:34  Hydralisk x2  
  193  12:35  Hydralisk  
  185  12:38  Roach x9  
  185  12:39  Drone x3  
  185  12:40  Drone x3  
  189  12:49  Seismic Spines  
  189  12:58  Lurker x3  
  190  13:00  Spore Crawler  
  190  13:03  Lurker  
  192  13:08  Hydralisk x3  
  184  13:17  Lurker x2  
  184  13:19  Overlord  
  186  13:21  Drone x2, Spore Crawler  
  186  13:22  Drone  
  186  13:24  Spine Crawler  
  186  13:25  Spine Crawler, Lurker x2  
  188  13:37  Overseer  
  188  13:38  Hydralisk x6  
  200  13:41  Hydralisk x10  
  200  13:43  Hydralisk x9  
  200  13:44  Hydralisk, Muscular Augments  
  200  13:46  Roach x8  
  200  13:48  Roach x8  
  194  13:58  Hydralisk x3  
  182  14:13  Viper x3  
  182  14:14  Roach x11  
  179  14:26  Hydralisk x2  
  179  14:27  Hydralisk x8  
  179  14:30  Roach x2, Queen  
  193  14:46  Hatchery  
  193  14:47  Lurker x3  
  194  15:04  Zerg Missile Weapons Level 3  
  194  15:16  Lurker x4  
  194  15:19  Drone  
  199  15:25  Spine Crawler  
  199  15:26  Spine Crawler  
  197  15:32  Hydralisk  
  197  15:33  Drone  
  200  15:36  Overseer  
  200  15:47  Spine Crawler x2, Spore Crawler  
  197  15:52  Drone x3  
  200  16:00  Adaptive Talons  
  194  16:14  Hydralisk x9  
  198  16:22  Overseer  
  182  16:42  Drone  
  182  16:43  Hydralisk, Drone  
  182  16:44  Hydralisk x13  
  197  16:54  Drone x3  
  195  16:56  Viper  
  199  17:15  Drone  
  200  17:17  Overseer x2  
  200  17:23  Roach  
  198  17:35  Spine Crawler  
  197  17:37  Viper  
  198  17:53  Hatchery, Drone  
  198  17:54  Drone, Spine Crawler  
  198  17:56  Spore Crawler  
  197  18:12  Drone, Spine Crawler  
  191  18:13  Spine Crawler  
  191  18:14  Drone  
  191  18:18  Overseer x2  
  189  18:32  Viper x3  
  173  18:39  Hydralisk x4  
  181  18:43  Lurker x7  
  181  18:44  Lurker  
  181  18:46  Hydralisk x5  
  181  18:48  Drone  
  200  18:53  Overlord  
  194  19:14  Hydralisk x3  
  200  19:46  Overseer  
  194  19:55  Viper x2  
  194  19:57  Overlord  
  177  20:00  Viper x3  
  177  20:01  Overlord  
  177  20:02  Overlord  
  177  20:03  Overseer  
  186  20:10  Overseer  
  183  20:15  Viper x3  
  183  20:18  Lurker  
  183  20:19  Lurker x3  
  183  20:20  Overseer  
  196  20:22  Hydralisk  
  196  20:23  Hatchery  
  196  20:24  Extractor, Zergling x6  
  196  20:25  Hatchery  
  196  20:27  Extractor  
  194  20:42  Overseer x2  
  194  20:51  Hydralisk  
  194  20:52  Hydralisk x3  
  188  21:10  Drone x3  
  175  21:12  Drone x3  
  175  21:16  Hydralisk x12  
  192  21:18  Spore Crawler  
  192  21:19  Spine Crawler  
  192  21:21  Spine Crawler  
  192  21:22  Hydralisk x2  
  181  21:29  Hydralisk x2  
  159  21:35  Hydralisk  
  159  21:36  Queen x3, Zergling x12  
  159  21:37  Queen x2  
  175  21:41  Overseer x3  
  175  21:43  Overseer  
  175  21:45  Hydralisk x2  
  139  21:58  Hydralisk x3  
  139  22:01  Roach x2  
  129  22:02  Roach  
  117  22:09  Roach  
  107  22:19  Roach  
  91  22:33  Roach  
  85  22:58  Drone x2  
  87  23:10  Viper  
  90  23:17  Viper  
  93  23:24  Lurker  
  92  23:28  Hydralisk  
  94  23:39  Overseer  
  88  23:43  Hydralisk  
  90  23:52  Hydralisk  
  92  23:57  Hydralisk  
  94  24:03  Hydralisk  
  94  24:04  Overseer  
  96  24:11  Hydralisk  
  96  24:13  Hydralisk  
  100  24:19  Overseer  
Show
View Real Time Build Order
Export as new Build Order

Dark Zerg - Winner!

Build Orders: Hatch First, Lurkers, Zergling Baneling 

Get SALT Encoding   

  12  0:00  Drone  
  13  0:12  Overlord  
  13  0:17  Drone  
  14  0:31  Drone x2  
  16  0:48  Hatchery  
  15  0:52  Drone  
  15  0:55  Drone  
  17  0:58  Drone  
  18  1:09  Extractor  
  17  1:14  Spawning Pool  
  17  1:16  Drone  
  17  1:19  Drone  
  18  1:28  Drone  
  19  1:39  Drone  
  20  1:50  Drone  
  21  2:00  Queen x2, Overlord  
  25  2:02  Zergling x2  
  26  2:11  Overlord  
  26  2:12  Drone, Metabolic Boost  
  27  2:22  Drone x2  
  29  2:32  Zergling x2  
  29  2:33  Drone  
  31  2:41  Hatchery  
  31  2:44  Drone  
  31  2:52  Drone  
  31  2:53  Baneling Nest  
  31  2:54  Drone  
  34  3:09  Drone x6  
  38  3:13  Overlord  
  38  3:16  Zergling x2  
  38  3:19  Zergling x2  
  40  3:26  Zergling x4  
  42  3:27  Evolution Chamber  
  42  3:28  Zergling x2  
  42  3:33  Queen  
  43  3:37  Baneling x2  
  43  3:38  Drone  
  44  3:41  Drone x2  
  44  3:43  Drone  
  44  3:48  Queen, Overlord  
  49  3:51  Baneling x2  
  49  3:52  Drone x2  
  51  4:06  Overlord  
  51  4:09  Zergling x4  
  53  4:14  Hatchery  
  52  4:19  Zergling x12  
  52  4:20  Drone  
  55  4:27  Zergling x2  
  55  4:28  Roach Warren  
  55  4:30  Zergling x2  
  55  4:31  Zergling x2  
  57  4:33  Baneling x3  
  57  4:36  Zergling x2  
  57  4:38  Extractor  
  57  4:40  Drone  
  57  4:43  Drone  
  59  4:47  Drone  
  59  4:52  Extractor, Baneling x3  
  59  4:56  Baneling x2  
  59  4:59  Drone x2  
  61  5:03  Drone x2  
  62  5:08  Drone x3  
  62  5:09  Overlord  
  62  5:13  Drone x2  
  67  5:21  Roach, Zerg Missile Weapons Level 1  
  67  5:22  Overlord  
  65  5:28  Overlord  
  65  5:33  Roach  
  67  5:42  Drone  
  66  5:43  Drone x3, Lair  
  66  5:48  Roach  
  66  5:49  Roach x2  
  75  5:51  Roach  
  75  5:52  Roach  
  81  5:57  Roach  
  81  5:58  Drone  
  81  6:03  Drone x4  
  86  6:05  Roach x2  
  86  6:06  Drone x2  
  92  6:12  Drone  
  93  6:18  Drone x2  
  93  6:20  Drone x2  
  93  6:21  Extractor  
  93  6:22  Extractor  
  93  6:23  Extractor  
  94  6:26  Roach x2  
  94  6:28  Overlord x2  
  94  6:31  Overlord  
  98  6:34  Overlord  
  98  6:39  Overlord  
  97  6:41  Overlord  
  97  6:42  Overlord  
  97  6:46  Drone x2  
  98  6:47  Drone x3  
  98  6:48  Drone  
  98  6:49  Roach x2  
  98  6:50  Glial Reconstitution  
  98  6:53  Drone  
  107  6:54  Overseer  
  107  6:55  Roach  
  107  7:00  Drone  
  114  7:01  Roach x2  
  114  7:04  Roach x2  
  114  7:08  Roach x2  
  122  7:10  Hatchery  
  122  7:12  Drone  
  122  7:13  Roach  
  122  7:14  Roach  
  126  7:19  Roach x3  
  126  7:21  Roach x2  
  136  7:30  Queen x2  
  136  7:31  Infestation Pit  
  136  7:32  Drone x2  
  136  7:35  Zerg Missile Weapons Level 2  
  141  7:38  Roach  
  141  7:40  Overseer  
  141  7:41  Roach x2  
  147  7:45  Roach x2  
  147  7:47  Roach  
  153  7:58  Spore Crawler  
  152  7:59  Spore Crawler x2  
  152  8:01  Overlord x2  
  152  8:04  Drone  
  152  8:05  Drone, Spore Crawler  
  152  8:06  Drone  
  152  8:08  Pathogen Glands  
  152  8:09  Roach  
  152  8:11  Overlord x2  
  153  8:15  Overlord  
  153  8:17  Overlord  
  153  8:22  Roach x4  
  153  8:26  Ravager x2  
  153  8:27  Ravager x2  
  165  8:28  Roach x2  
  165  8:31  Spore Crawler  
  168  8:34  Infestor x2  
  168  8:37  Infestor  
  168  8:41  Roach x2, Ravager  
  178  8:45  Roach x2  
  183  8:53  Roach  
  185  8:56  Roach x4  
  185  8:58  Roach  
  185  9:00  Roach x2  
  185  9:02  Overlord  
  199  9:05  Overlord  
  199  9:09  Overlord  
  194  9:11  Overlord  
  194  9:16  Overlord, Spore Crawler  
  192  9:21  Overlord  
  192  9:23  Ravager  
  192  9:24  Ravager x2  
  195  9:25  Roach x2  
  195  9:30  Roach  
  185  9:39  Queen x3  
  185  9:41  Drone x2  
  185  9:42  Drone  
  190  9:46  Spore Crawler  
  190  9:49  Ravager x2  
  190  9:51  Drone x2, Infestor x2  
  195  9:53  Extractor  
  194  10:01  Zerg Ground Armor Level 1  
  192  10:09  Roach  
  176  10:15  Pneumatized Carapace  
  176  10:18  Roach x10  
  192  10:24  Roach  
  192  10:25  Roach  
  196  10:29  Drone  
  196  10:30  Drone  
  196  10:34  Ravager  
  199  10:37  Tunneling Claws  
  199  11:02  Ravager  
  199  11:03  Roach x2  
  200  11:07  Spine Crawler  
  200  11:09  Burrow, Hive  
  199  11:12  Hydralisk Den  
  198  11:22  Roach x3  
  200  11:28  Overlord  
  200  11:31  Overlord  
  200  11:39  Roach  
  200  11:47  Grooved Spines  
  200  11:50  Lurker Den  
  187  12:18  Roach x9  
  187  12:21  Roach x3  
  200  12:27  Roach x17  
  200  12:28  Zerg Missile Weapons Level 3  
  184  12:30  Roach x8  
  184  12:32  Roach  
  184  12:33  Roach x2  
  184  12:35  Roach x2  
  184  12:36  Roach x2  
  198  12:50  Hydralisk  
  200  12:51  Extractor, Adaptive Talons  
  200  12:53  Spine Crawler  
  200  12:54  Spine Crawler  
  197  12:58  Muscular Augments  
  197  13:09  Roach x11, Hydralisk x5  
  197  13:10  Roach x10  
  197  13:11  Roach x5  
  199  13:18  Lurker  
  200  13:23  Spine Crawler  
  200  13:25  Spine Crawler  
  198  13:34  Lurker  
  198  13:35  Lurker  
  200  13:48  Seismic Spines  
  200  13:51  Roach x8  
  200  14:09  Overlord x2  
  190  14:10  Overlord x2  
  190  14:12  Overlord  
  190  14:20  Hydralisk  
  190  14:21  Roach x3, Hydralisk  
  190  14:22  Overlord x2  
  191  14:28  Hydralisk x2  
  191  14:29  Hydralisk x2  
  199  14:35  Viper  
  199  14:36  Viper x2  
  199  14:37  Roach x3  
  198  14:39  Hatchery  
  187  14:48  Drone x5  
  187  14:49  Spore Crawler, Lurker  
  187  14:50  Hydralisk x3  
  187  14:51  Spore Crawler, Lurker  
  187  14:52  Drone x2, Spore Crawler  
  198  14:54  Spore Crawler  
  198  14:55  Spore Crawler x2  
  192  15:01  Drone x2  
  192  15:03  Lurker x3  
  191  15:08  Spore Crawler, Lurker x4  
  191  15:09  Spore Crawler  
  191  15:11  Zerg Ground Armor Level 2  
  191  15:12  Drone x2  
  191  15:13  Drone  
  191  15:14  Drone  
  197  15:19  Lurker  
  197  15:21  Overseer  
  198  15:31  Drone  
  199  15:36  Overseer  
  199  15:38  Nydus Network  
  199  15:42  Overseer x2  
  198  15:44  Spore Crawler  
  198  15:45  Spore Crawler  
  198  15:46  Hydralisk x2  
  199  16:08  Roach x18  
  197  16:22  Roach  
  197  16:23  Roach, Hatchery  
  196  16:28  Nydus Canal  
  190  16:41  Drone  
  190  16:42  Drone  
  190  16:44  Nydus Canal  
  174  16:54  Hydralisk x2  
  174  16:57  Drone  
  174  16:58  Drone, Overseer, Viper x4  
  174  17:00  Hydralisk x6  
  200  17:20  Spore Crawler  
  200  17:21  Spore Crawler  
  198  17:29  Overseer  
  197  17:32  Zerg Ground Armor Level 3  
  197  17:34  Hatchery  
  196  17:38  Hydralisk x2  
  200  17:45  Spine Crawler  
  200  17:46  Spine Crawler  
  200  17:47  Lurker  
  198  17:59  Drone  
  199  18:14  Lurker  
  199  18:15  Hatchery  
  172  18:33  Hydralisk x7  
  168  18:37  Lurker x5  
  168  18:38  Lurker x2  
  187  18:42  Hydralisk x2  
  187  18:43  Nydus Canal  
  187  18:46  Hydralisk x2  
  198  18:55  Roach x7  
  198  19:07  Hydralisk  
  197  19:11  Lurker x2  
  197  19:16  Nydus Canal  
  199  19:21  Overseer  
  199  19:22  Hatchery  
  198  19:27  Viper  
  189  19:31  Drone x4  
  189  19:34  Drone, Evolution Chamber x2  
  189  19:36  Evolution Chamber  
  189  19:38  Evolution Chamber  
  182  19:57  Viper x2  
  170  20:00  Drone  
  170  20:01  Drone x2  
  170  20:02  Drone x4  
  175  20:09  Drone x6  
  175  20:11  Drone  
  182  20:15  Extractor  
  181  20:27  Nydus Canal  
  181  20:28  Extractor  
  181  20:34  Hydralisk  
  181  20:35  Hydralisk  
  176  20:39  Lurker x5  
  176  20:56  Hydralisk x2, Overseer  
  180  20:57  Extractor  
  179  21:05  Hydralisk x2  
  183  21:12  Hydralisk x2  
  184  21:24  Hydralisk x2  
  172  21:37  Hydralisk x3  
  176  21:40  Hydralisk  
  160  21:55  Hydralisk x4  
  161  22:05  Hydralisk x2  
  154  22:16  Hydralisk x2  
  154  22:29  Hydralisk  
  138  22:33  Hydralisk  
  130  22:48  Hydralisk x2  
  130  22:57  Hydralisk x2  
  130  23:00  Hydralisk  
  130  23:02  Drone x5  
  130  23:03  Drone x4  
  130  23:04  Hatchery  
  137  23:11  Hydralisk  
  139  23:15  Spore Crawler  
  139  23:16  Spore Crawler x2  
  136  23:24  Nydus Canal  
  132  23:46  Spore Crawler, Overseer  
  132  23:47  Spore Crawler  
  130  23:48  Lurker  
  130  23:53  Spore Crawler  
  130  23:55  Spore Crawler  
  129  23:57  Spore Crawler  
  128  24:08  Lurker x2  
Tags
 
Add a new tag
Caveats
  • Supply blocks, unpowered buildings, or Contaminate may cause inaccurate times.
  • Supply counts are checked every 10 seconds.